Map: Site Delta LE

Players

NightMare - Winner!

  • Race: Protoss Protoss
  • Spawn Location: 5:00

DnS

  • Race: Protoss Protoss
  • Spawn Location: 11:00

Event: ESL SC2 Masters 2023 Winter (Finals)

VOD

Have the link to the VOD?

Description

Time

  • Played on: Dec. 15, 2023, 11:39 a.m.
  • Length: 14:19

All games in this series

Show
View Real Time Build Order
Export as new Build Order

NightMare Protoss - Winner!

Build Orders: Blink Stalkers, Dark Templar Rush 

Get SALT Encoding   

  12  0:00  Probe  
  13  0:13  Probe  
  14  0:22  Pylon  
  14  0:25  Probe  
  15  0:40  Probe (Chrono Boost)  
  16  0:43  Gateway  
  16  0:49  Assimilator, Probe (Chrono Boost)  
  17  0:54  Probe (Chrono Boost)  
  18  0:57  Assimilator  
  18  1:06  Probe (Chrono Boost)  
  19  1:14  Probe (Chrono Boost)  
  19  1:17  Pylon  
  20  1:20  Probe  
  21  1:30  Cybernetics Core  
  21  1:32  Probe  
  22  1:35  Zealot  
  24  1:44  Probe  
  24  1:45  Pylon  
  25  1:56  Probe  
  25  2:00  Pylon  
  26  2:04  Adept (Chrono Boost)  
  28  2:08  Warp Gate  
  28  2:19  Twilight Council  
  28  2:21  Gateway  
  28  2:32  Stalker  
  29  2:49  Shield Battery  
  29  2:57  Dark Shrine  
  29  3:01  Gateway  
  29  3:31  Nexus  
  29  3:33  Blink (Chrono Boost)  
  29  3:37  Probe  
  29  3:49  Probe  
  29  4:01  Probe  
  29  4:12  Dark Templar x2  
  29  4:13  Probe  
  32  4:18  Gateway  
  32  4:21  Stalker  
  34  4:25  Probe  
  35  4:37  Probe  
  36  4:44  Probe  
  37  4:45  Stalker  
  37  4:50  Probe  
  40  4:55  Stalker  
  40  4:58  Probe  
  43  5:03  Probe  
  44  5:10  Probe  
  44  5:11  Stalker  
  45  5:15  Probe  
  44  5:22  Stalker, Probe  
  44  5:27  Probe, Stalker  
  50  5:31  Stalker  
  52  5:36  Pylon  
  52  5:43  Stalker  
  54  5:54  Probe x2  
  56  5:57  Robotics Facility  
  56  6:00  Pylon  
  56  6:01  Stalker  
  56  6:04  Stalker  
  60  6:07  Probe x2  
  62  6:19  Probe x2  
  64  6:28  Stalker x3  
  64  6:31  Pylon  
  64  6:32  Assimilator  
  70  6:43  Pylon  
  70  6:49  Observer, Probe x2  
  73  6:58  Nexus  
  73  7:00  Pylon  
  73  7:08  Stalker x3  
  75  7:10  Observer  
  75  7:14  Probe x2  
  82  7:22  Gateway  
  82  7:23  Gateway  
  82  7:28  Gateway  
  82  7:29  Probe x2  
  84  7:35  Shield Battery  
  84  7:40  Pylon  
  84  7:41  Probe x2  
  86  7:51  Gateway  
  86  7:55  Probe  
  86  7:58  Probe  
  86  8:01  Gateway  
  86  8:03  Gateway  
  87  8:07  Stalker x2  
  87  8:11  Pylon, Probe x2  
  87  8:12  Probe  
  94  8:18  Shield Battery  
  94  8:22  Stalker  
  94  8:23  Probe x2  
  94  8:24  Probe  
  97  8:37  Adept x2  
  97  8:38  Stalker x2  
  105  8:41  Pylon  
  105  8:42  Observer (Chrono Boost)  
  105  8:44  Gateway  
  106  8:51  Zealot x3  
  112  8:58  Observer, Twilight Council  
  112  9:00  Assimilator x2  
  111  9:06  Robotics Bay  
  111  9:08  Forge  
  109  9:10  Pylon  
  109  9:18  Stalker x3, Probe  
  116  9:24  Pylon  
  116  9:33  Charge (Chrono Boost)  
  116  9:34  Stalker x2  
  116  9:35  Protoss Ground Weapons Level 1 (Chrono Boost), Stalker x2  
  124  9:43  Stalker  
  126  9:51  Disruptor (Chrono Boost)  
  130  10:06  Nexus  
  130  10:08  Pylon  
  130  10:09  Pylon  
  130  10:10  Pylon  
  130  10:12  Robotics Facility  
  130  10:15  Assimilator  
  130  10:16  Probe x2  
  130  10:17  Probe  
  133  10:26  Disruptor (Chrono Boost)  
  133  10:27  Observer  
  135  10:28  Photon Cannon  
  135  10:31  Photon Cannon, Shield Battery  
  135  10:35  Pylon  
  135  10:41  Observer  
  135  10:45  Pylon  
  135  10:46  Photon Cannon  
  135  10:49  Stalker x2  
  139  10:50  Stalker x2  
  139  10:57  Disruptor (Chrono Boost), Probe  
  147  10:58  Probe  
  147  10:59  Pylon, Probe  
  150  11:06  Disruptor (Chrono Boost)  
  154  11:16  Protoss Ground Weapons Level 2 (Chrono Boost), Photon Cannon  
  154  11:17  Gateway  
  154  11:19  Stalker x2  
  154  11:23  Disruptor (Chrono Boost)  
  154  11:25  Pylon  
  162  11:26  Observer  
  162  11:32  Disruptor (Chrono Boost)  
  166  11:41  Stalker x3  
  166  11:45  Probe x4  
  176  11:49  Disruptor (Chrono Boost)  
  176  11:52  Observer  
  178  11:57  Disruptor (Chrono Boost)  
  178  12:07  Stalker x5  
  188  12:10  Stalker  
  190  12:24  Stalker x3  
  190  12:25  Stalker  
  190  12:27  Assimilator x2  
  198  12:31  Stalker  
  198  12:33  Photon Cannon  
  198  12:47  Observer  
  198  12:49  Observer  
  172  13:01  Stalker x10  
  172  13:03  Warp Prism (Chrono Boost)  
  185  13:27  Stalker x7  
  199  13:46  Nexus  
  169  14:15  Stalker x10  
Show
View Real Time Build Order
Export as new Build Order

DnS Protoss 

Build Orders: Oracle Opening 

Get SALT Encoding   

  12  0:00  Probe  
  13  0:12  Probe  
  14  0:17  Pylon  
  14  0:24  Probe  
  15  0:36  Probe (Chrono Boost)  
  15  0:38  Gateway  
  16  0:45  Probe (Chrono Boost)  
  16  0:46  Assimilator  
  17  0:50  Probe (Chrono Boost)  
  18  1:03  Probe (Chrono Boost)  
  19  1:10  Pylon  
  19  1:11  Assimilator  
  19  1:15  Probe (Chrono Boost)  
  20  1:20  Probe (Chrono Boost)  
  21  1:27  Cybernetics Core  
  21  1:30  Probe  
  21  1:32  Zealot  
  24  1:42  Probe  
  25  1:54  Probe  
  26  2:04  Stargate  
  26  2:06  Adept  
  28  2:16  Shield Battery  
  28  2:30  Pylon  
  28  2:36  Nexus  
  27  2:44  Oracle (Chrono Boost)  
  27  2:49  Probe  
  31  2:57  Pylon  
  31  3:04  Shield Battery  
  31  3:15  Probe  
  32  3:24  Oracle (Chrono Boost)  
  36  3:27  Probe  
  34  3:36  Warp Gate (Chrono Boost)  
  34  3:38  Stalker  
  34  3:39  Probe  
  37  3:47  Gateway  
  37  3:50  Probe  
  37  3:51  Probe  
  37  3:55  Shield Battery  
  39  4:02  Probe  
  40  4:05  Probe  
  40  4:07  Twilight Council  
  41  4:14  Probe  
  42  4:21  Probe  
  43  4:24  Gateway  
  43  4:26  Probe  
  44  4:33  Probe  
  48  4:38  Probe  
  48  4:40  Pylon  
  48  4:45  Blink (Chrono Boost), Probe (Chrono Boost)  
  44  4:51  Probe (Chrono Boost)  
  43  4:57  Probe (Chrono Boost)  
  43  5:03  Probe (Chrono Boost)  
  41  5:07  Probe (Chrono Boost)  
  41  5:15  Probe  
  41  5:17  Probe  
  43  5:24  Stalker x2  
  43  5:27  Stalker  
  50  5:30  Probe (Chrono Boost)  
  50  5:31  Probe (Chrono Boost)  
  51  5:42  Probe (Chrono Boost)  
  53  5:44  Pylon, Probe (Chrono Boost)  
  53  5:46  Probe (Chrono Boost)  
  54  5:56  Robotics Facility  
  52  6:00  Stalker x3  
  52  6:02  Probe  
  52  6:03  Probe  
  59  6:09  Pylon  
  59  6:14  Probe  
  59  6:18  Pylon, Probe  
  61  6:28  Stalker x2  
  61  6:29  Pylon, Stalker  
  67  6:34  Probe x2  
  69  6:43  Observer  
  70  6:52  Stalker x2  
  73  6:58  Stalker, Probe x2  
  77  7:02  Assimilator  
  77  7:05  Nexus  
  75  7:11  Probe x2  
  75  7:13  Pylon  
  77  7:22  Stalker x2  
  77  7:25  Stalker  
  77  7:26  Probe x2  
  85  7:38  Probe (Chrono Boost)  
  85  7:39  Shield Battery  
  85  7:41  Probe (Chrono Boost)  
  85  7:42  Forge  
  87  7:47  Observer, Pylon  
  87  7:50  Probe (Chrono Boost)  
  89  7:54  Probe (Chrono Boost)  
  89  7:55  Probe (Chrono Boost)  
  90  8:02  Probe  
  90  8:03  Pylon  
  90  8:05  Probe  
  92  8:06  Stalker x3  
  98  8:13  Protoss Ground Weapons Level 1 (Chrono Boost)  
  98  8:16  Probe  
  99  8:22  Gateway  
  99  8:23  Gateway  
  99  8:24  Gateway  
  99  8:29  Probe x2  
  99  8:31  Assimilator  
  99  8:36  Stalker x3  
  99  8:40  Immortal (Chrono Boost)  
  105  8:47  Probe x2  
  108  9:00  Stalker x3  
  113  9:04  Probe x3  
  113  9:06  Observer  
  116  9:12  Nexus  
  116  9:18  Observer (Chrono Boost)  
  116  9:19  Charge  
  116  9:20  Probe x2  
  116  9:23  Photon Cannon  
  119  9:27  Pylon  
  119  9:32  Gateway x2  
  119  9:34  Stalker x3  
  119  9:37  Pylon  
  125  9:45  Pylon  
  125  9:46  Sentry x2, Zealot  
  125  9:47  Probe x2  
  133  9:55  Shield Battery, Probe  
  133  9:56  Observer  
  133  9:57  Photon Cannon  
  134  10:02  Warp Prism  
  134  10:03  Stalker  
  138  10:08  Protoss Ground Weapons Level 2 (Chrono Boost)  
  138  10:09  Stalker  
  138  10:15  Stalker  
  140  10:30  Zealot x5, Templar Archives  
  140  10:31  Probe  
  151  10:37  Photon Cannon  
  151  10:42  Gateway, Probe x3  
  154  10:43  Gateway  
  154  10:44  Assimilator  
  154  10:46  Probe  
  155  10:54  Stalker x3  
  161  10:58  Phoenix (Chrono Boost)  
  163  11:09  Probe  
  164  11:11  Assimilator, Stargate  
  164  11:13  Pylon  
  164  11:14  Pylon x2  
  164  11:31  Phoenix (Chrono Boost)  
  164  11:32  Immortal, Probe x2  
  168  11:42  Zealot x9  
  168  11:45  Pylon  
  168  11:46  Pylon  
  182  11:48  Photon Cannon, Phoenix (Chrono Boost)  
  182  11:49  Phoenix (Chrono Boost)  
  183  12:04  Zealot x8  
  197  12:11  Observer  
  197  12:23  Phoenix  
  199  12:31  Dark Shrine  
  193  12:38  Phoenix  
  193  12:41  Immortal (Chrono Boost)  
  192  12:45  Nexus  
  192  12:46  Pylon  
  136  12:58  Stalker x2  
  136  12:59  Stalker x7  
  136  13:04  Phoenix  
  136  13:05  Phoenix  
  154  13:07  Pylon  
  154  13:12  Photon Cannon  
  154  13:14  Shield Battery  
  145  13:29  Phoenix x2  
  145  13:33  Zealot x8  
  150  13:44  Zealot  
  150  13:45  Zealot  
  142  13:58  Zealot x3  
  142  13:59  Zealot x2  
  120  14:13  Stalker x5  
Tags
 
Add a new tag
Caveats
  • Supply blocks, unpowered buildings, or Contaminate may cause inaccurate times.
  • Supply counts are checked every 10 seconds.